 Dungeon Crawl Stone Soup version 0.29-a0-370-gb5314be063 (webtiles) character file.

Game seed: 17603844823178637835

93 Artihs the Skirmisher (level 4, -7/37 HPs)
             Began as a Human Fighter on May 2, 2022.
             Killed by nerve-wracking pain
             ... invoked by an orc priest
              (14 damage)
             ... on level 3 of the Dungeon.
             The game lasted 00:12:48 (1525 turns).

Artihs the Skirmisher (Human Fighter)               Turns: 1525, Time: 00:12:49

Health: -7/37      AC: 10    Str: 16    XL:     4   Next: 92%
Magic:  4/4        EV:  9    Int:  8    God:
Gold:   79         SH:  5    Dex: 15    Spells: 3/3 levels left

rFire   . . .      SeeInvis .   a - +0 rapier
rCold   . . .      Faith    .   c - +0 buckler
rNeg    . . .      Spirit   .   b - +0 scale mail
rPois   .          Reflect  .   l - +0 helmet
rElec   .          Harm     .   h - +1 cloak
rCorr   .          Rampage  .   (no gloves)
Will    .....                   (no boots)
Stlth   ..........              (no amulet)
HPRegen 0.12/turn               (no ring)
MPRegen 0.09/turn               (no ring)

@: no status effects
A: no striking features
a: no special abilities


You were on level 3 of the Dungeon.
You visited 1 branch of the dungeon, and saw 4 of its levels.

You collected 79 gold pieces.

Inventory:

Hand Weapons
 a - a +0 rapier (weapon)
 i - a +0 short sword
Armour
 b - a +0 scale mail (worn)
 c - a +0 buckler (worn)
 h - a +1 cloak (worn)
 l - a +0 helmet (worn)
Scrolls
 g - a scroll of identify {unknown}
 n - a scroll of immolation
Potions
 d - 2 potions of might
 f - a potion of magic {unknown}
 j - 2 potions of heal wounds {unknown}
 k - a potion of degeneration {unknown}
 o - a potion of haste {unknown}


   Skills:
 * Level 3.7 Fighting
 * Level 3.0 Short Blades
 + Level 0.5 Throwing
 + Level 3.3 Armour
 + Level 1.1 Dodging
 + Level 3.3 Shields


You had 3 spell levels left.
You didn't know any spells.
Your spell library contained the following spells:

 Spells                   Type           Power      Damage    Failure   Level
 Animate Skeleton         Necr           0%         N/A       90%         1
 Apportation              Tloc           0%         N/A       90%         1
 Magic Dart               Conj           0%         1d3       90%         1
 Summon Small Mammal      Summ           0%         N/A       90%         1
 Searing Ray              Conj           0%         2d4       97%         2
 Fulminant Prism          Conj/Hex       0%         3d6       100%        4


Dungeon Overview and Level Annotations

Branches:
Dungeon (4/15)
 Temple: D:4-7

Altars:


Message History

The orc wizard hits you but does no damage.
The orc priest barely misses you.
You hit the orc wizard.
The orc wizard is severely wounded.
The orc priest hits you but does no damage.
The orc wizard gestures at you while chanting.
You are confused.
You bump into the rock wall.
The orc wizard hits you but does no damage.
The orc priest hits you from afar with a +0 trident.
* * * LOW HITPOINT WARNING * * *
The orc wizard attacks as you move away!
The orc wizard hits you but does no damage.
You closely miss the orc wizard.
The orc wizard is severely wounded.
The orc wizard casts a spell.
The orc wizard flickers and vanishes!
Deactivating autopickup; reactivate with Ctrl-A.
The orc priest hits you from afar with a +0 trident.
* * * LOW HITPOINT WARNING * * *
You completely miss something. Something hits you but does no damage.
The orc priest closely misses you.
You miss something.
You feel less confused. Something hits you.
* * * LOW HITPOINT WARNING * * *
The orc priest hits you from afar with a +0 trident.
* * * LOW HITPOINT WARNING * * *
It was a potion of curing.
You feel better.
You hear some strange, mumbled words.
Something tries to affect you, but you resist.
The orc priest barely misses you.
You miss something. You block something's attack.
The orc priest hits you but does no damage.
You hit something.
Reactivating autopickup.
You feel a bit more experienced.
The orc priest calls down the wrath of Beogh upon you.
Pain shoots through your body!
You die...

##.#...#.#.###.... ..
#....###..# ##### . o.
####..#.#.# # .. o.
#.#.##.####### #( ##.
##'####........ #.#.o####
##...########### (.. o.#
##.....## ###
#.###.##.###.......## ##.##
#.....)#.##@........####...#
..!.......o).........'.......
##..#...#.##.........####...#
#. ##.##.###.......## ##.##
... ..# ##.....## ###
.####### ##...## # ##+##


You could see an orc priest.

Vanquished Creatures
  A hound (D:4)
  An orc wizard (D:3)
  A gnoll (D:1)
  A white imp (D:3)
  2 dart slugs (D:1)
  A worm (D:4)
  3 orcs (D:3)
  3 endoplasms
  2 giant cockroaches
  3 goblins
  4 hobgoblins (D:1)
  A quokka (D:4)
  6 ball pythons
  2 bats (D:1)
  4 frilled lizards (D:1)
  4 kobolds
  A rat (D:1)
40 creatures vanquished.

Notes
Turn   | Place    | Note
-------+----------+-------------------------------------------
     0 | D:1      | Artihs the Human Fighter began the quest for the Orb.
     0 | D:1      | Reached XP level 1. HP: 18/18 MP: 1/1
   111 | D:1      | Reached XP level 2. HP: 24/24 MP: 2/2
   112 | D:1      | Found a faded altar of an unknown god.
   377 | D:1      | Reached XP level 3. HP: 24/29 MP: 3/3
  1147 | D:2      | You fall into a shaft and drop 2 floors!
  1212 | D:4      | Reached skill level 1 in Dodging
  1212 | D:4      | Reached XP level 4. HP: 26/36 MP: 4/4
  1525 | D:3      | Killed from afar by an orc priest

Illustrated notes

Levels and vault maps discovered:
D:1:      minmay_arrival_wavy_path, layout_loops_ring,
          hellmonk_ecumenical_altar_blasted
D:2:      layout_basic, roderic_roman_lattice, minmay_cut_off
D:3:      layout_loops_corners, serial_shops, shop, uniq_robin,
          uniq_crazy_yiuf_cottage, uniq_grinder
D:4:      layout_basic, minmay_temple_entry_glassed_door, portal_sewer_entry_f

Skill      XL: |  1  2  3  4 |
---------------+-------------+-----
Dodging        | 1 |  1.1
Short Blades   | 3 |  3.0
Fighting       | |  3.7
Throwing       | |  0.5
Armour         | |  3.3
Shields        | |  3.3

Action                   |  1- 3 |  4- 6 || total
-------------------------+-------+-------++-------
Melee: Rapier            |    88 |    60 ||   148
Throw: Dart              |    13 |    15 ||    28
  Use: Potion            |       |     1 ||     1
Armor: Scale mail        |    40 |    31 ||    71
Dodge: Dodged            |    25 |    27 ||    52
Block: Buckler           |    23 |    11 ||    34

Table legend: (Time is in decaauts)
 A = Elapsed time spent in this place.
 B = Non-inter-level travel time spent in this place.
 C = Inter-level travel time spent in this place.
 D = Time resting spent in this place.
 E = Time spent auto-exploring this place.
 F = Levels seen in this place.
 G = Mean time per level.
                   A        B        C        D        E       F      G
               +--------+--------+--------+--------+--------+-----+--------+
         Total |   1539 |   1301 |    238 |    194 |    743 |   4 |  384.8 |
       Dungeon |   1539 |   1301 |    238 |    194 |    743 |   4 |  384.8 |
               +--------+--------+--------+--------+--------+-----+--------+

Top non-repeatable levels by time:
     D:1: 955 daAuts
     D:4: 245 daAuts
     D:2: 200 daAuts
     D:3: 138 daAuts
